Map: Blackpink LE

Players

Tombmv - Winner!

  • Race: Terran Terran
  • League: Silver
  • Spawn Location: 1:00

CinDra

  • Race: Zerg Zerg
  • League: Silver
  • Spawn Location: 7:00

VOD

Have the link to the VOD?

Description

Time

  • Played on: Feb. 12, 2018, 9:34 a.m.
  • Length: 10:04
Show
View Real Time Build Order
Export as new Build Order

Tombmv Terran - Winner!

Build Orders:  

Get SALT Encoding   

  12  0:01  SCV  
  13  0:13  SCV  
  14  0:18  Supply Depot  
  14  0:25  SCV  
  15  0:44  SCV  
  15  0:49  Barracks  
  16  0:55  Refinery  
  16  0:56  Refinery, SCV  
  17  1:08  SCV  
  18  1:12  Barracks  
  18  1:21  SCV  
  19  1:36  Orbital Command  
  19  1:44  Factory  
  19  1:45  Marine  
  20  2:00  Marine  
  21  2:02  Supply Depot  
  21  2:05  SCV  
  22  2:09  Marine  
  23  2:23  Barracks Tech Lab  
  23  2:24  SCV  
  24  2:31  Supply Depot  
  24  2:34  Starport  
  24  2:41  Widow Mine, Marine  
  27  2:44  SCV  
  28  2:51  Stimpack  
  28  2:57  SCV  
  29  2:59  Marine  
  29  3:00  Marine  
  31  3:09  SCV  
  31  3:11  Medivac  
  34  3:14  Factory Tech Lab  
  34  3:18  Marine x2  
  36  3:21  SCV  
  37  3:33  SCV  
  38  3:37  Supply Depot  
  38  3:45  Barracks Reactor  
  38  3:54  SCV  
  39  3:58  Viking  
  39  3:59  Marauder, Supply Depot  
  43  4:02  Engineering Bay  
  43  4:06  SCV  
  44  4:13  Siege Tank  
  47  4:20  Marine  
  48  4:38  Marine  
  44  4:47  Marine  
  44  4:48  Marine  
  44  4:49  SCV  
  44  4:50  Medivac  
  44  4:52  Concussive Shells  
  44  4:54  Siege Tank  
  44  4:59  Terran Infantry Weapons Level 1  
  47  5:01  SCV  
  47  5:06  Marine  
  47  5:07  Marine  
  49  5:08  Marine  
  49  5:13  SCV  
  52  5:16  Supply Depot  
  52  5:20  Medivac  
  54  5:24  Marine  
  55  5:37  Marine  
  55  5:38  Marine, SCV  
  55  5:40  Supply Depot  
  55  5:42  Marine  
  59  5:44  Missile Turret  
  59  5:49  Medivac  
  59  5:50  SCV  
  59  5:55  Marine  
  63  6:01  Marine x2  
  63  6:02  SCV  
  66  6:11  Supply Depot  
  66  6:13  Marine  
  66  6:14  SCV  
  66  6:15  Command Center  
  65  6:19  Marine  
  66  6:28  Marine  
  66  6:29  SCV  
  66  6:31  Marine  
  69  6:37  Marine  
  70  6:45  Marine  
  71  6:49  Marine  
  72  6:55  Marine  
  73  7:03  Marine  
  73  7:07  Marine  
  75  7:12  Marine  
  75  7:21  Marine  
  74  7:24  Marine  
  75  7:30  Marine  
  76  7:39  Marine  
  76  7:42  Marine  
  67  7:48  Marine, Medivac  
  70  7:53  Widow Mine  
  70  7:57  Marine, SCV  
  69  8:00  Marine  
  70  8:06  Marine  
  70  8:09  Missile Turret  
  71  8:12  Missile Turret  
  71  8:15  Widow Mine, Marine  
  71  8:18  Marine, Medivac  
  77  8:24  Marine  
  78  8:31  Orbital Command  
  78  8:32  Marine  
  79  8:36  Widow Mine, Marine  
  82  8:42  Marine  
  83  8:49  SCV  
  83  8:50  Marine  
  83  8:53  Marine  
  83  8:54  Missile Turret  
  88  8:59  Marine  
  88  9:01  SCV  
  90  9:03  Starport Reactor  
  90  9:06  Missile Turret  
  90  9:08  Marine  
  89  9:10  SCV  
  89  9:11  Marine  
  89  9:14  Missile Turret, SCV  
  89  9:15  Missile Turret  
  89  9:16  Missile Turret  
  92  9:17  Marine  
  92  9:22  SCV  
  94  9:26  Marine, SCV  
  94  9:29  Marine  
  97  9:34  SCV  
  97  9:35  Marine  
  97  9:36  Missile Turret  
  97  9:37  Missile Turret  
  97  9:38  SCV  
  100  9:44  Marine  
  100  9:59  Missile Turret  
Show
View Real Time Build Order
Export as new Build Order

CinDra Zerg 

Build Orders: Hatch First 

Get SALT Encoding   

  12  0:01  Drone  
  13  0:12  Overlord  
  13  0:18  Drone  
  14  0:31  Drone x2  
  14  0:34  Drone  
  17  0:45  Drone  
  18  0:58  Drone  
  18  0:59  Hatchery  
  18  1:06  Drone  
  19  1:18  Spawning Pool, Drone  
  19  1:29  Overlord  
  19  1:30  Extractor  
  18  1:39  Drone  
  19  1:53  Drone  
  20  2:05  Zergling x2  
  20  2:06  Queen  
  23  2:11  Queen  
  23  2:12  Drone, Zergling x2  
  27  2:21  Drone  
  27  2:22  Roach Warren, Drone  
  28  2:33  Drone x2  
  30  2:43  Drone  
  30  2:44  Drone  
  32  2:55  Metabolic Boost  
  32  2:56  Zergling x2  
  32  2:57  Zergling x2  
  34  3:02  Extractor  
  34  3:04  Queen  
  35  3:13  Drone  
  36  3:22  Overlord  
  36  3:23  Overlord  
  36  3:25  Overlord  
  36  3:42  Lair  
  36  3:44  Pneumatized Carapace  
  36  4:01  Drone x9  
  36  4:02  Drone x3  
  48  4:13  Roach  
  50  4:29  Hatchery  
  46  4:44  Zergling x10  
  46  4:45  Zergling x8  
  52  5:03  Queen  
  54  5:15  Drone x2  
  54  5:16  Drone x3  
  54  5:17  Overlord  
  59  5:22  Glial Reconstitution  
  59  5:28  Extractor  
  59  5:31  Extractor  
  57  5:36  Spire  
  57  5:39  Drone  
  57  5:48  Evolution Chamber  
  56  5:51  Evolution Chamber  
  55  6:04  Queen x2  
  55  6:05  Queen  
  57  6:28  Overlord  
  57  6:29  Overlord  
  57  6:31  Roach x2  
  61  6:40  Drone x5  
  64  6:48  Mutalisk x2  
  64  6:49  Mutalisk x3  
  64  6:50  Mutalisk  
  76  7:11  Overlord x2  
  76  7:12  Overlord x3  
  63  7:32  Mutalisk  
  63  7:33  Mutalisk x4  
  63  8:10  Zerg Missile Weapons Level 1  
  63  8:19  Mutalisk  
  63  8:21  Drone x2  
  63  8:22  Drone  
  68  8:39  Mutalisk x2  
  68  8:41  Overlord  
  72  8:54  Corruptor  
  72  8:55  Corruptor  
  76  8:59  Drone x6  
  82  9:12  Hatchery  
  81  9:21  Mutalisk x3  
  87  9:24  Overseer  
  73  9:47  Zergling x2  
Tags
 
Matchup
TvZ
Spawn Locations
Cross Positions
Add a new tag
Caveats
  • Supply blocks, unpowered buildings, or Contaminate may cause inaccurate times.
  • Supply counts are checked every 10 seconds.